 Dungeon Crawl Stone Soup version 0.26-a0-926-g43279f1ce9 (console) character file.

Game seed: 15393206483385842767

4771 Gather the Destroyer (level 10, -2/59 HPs)
             Began as a Kobold Conjurer on Nov 26, 2020.
             Was an Initiate of Nemelex Xobeh.
             Slain by a killer bee (9 damage)
             ... on level 7 of the Dungeon.
             The game lasted 01:09:48 (10140 turns).

Gather the Destroyer (Kobold Conjurer)             Turns: 10140, Time: 01:09:48

Health: -2/59      AC:  6    Str:  5    XL:     10   Next: 75%
Magic:  6/23       EV: 17    Int: 22    God:    Nemelex Xobeh [......]
Gold:   322        SH:  0    Dex: 14    Spells: 2/15 levels left

rFire    + . .     SeeInvis .   a - +4 short sword (speed)
rCold    + . .     Faith    .   (shield restricted)
rNeg     . . .     Spirit   .   e - +2 robe {rC+ rF+}
rPois    .         Reflect  .   (no helmet)
rElec    .         Harm     .   (no cloak)
rCorr    .         Rampage  .   (no gloves)
MR       .....                  d - +1 pair of boots
Stlth    +++++.....             (no amulet)
HPRegen  0.19/turn              C - ring of magical power
MPRegen  0.18/turn              v - ring of stealth

@: lethally poisoned (-2 -> -4), confusing touch
A: small, nightstalker 3
a: Draw Escape, Draw Destruction, Draw Summoning, Renounce Religion


You were on level 7 of the Dungeon.
You worshipped Nemelex Xobeh.
Nemelex Xobeh was noncommittal.
You visited 2 branches of the dungeon, and saw 9 of its levels.

You collected 322 gold pieces.

Inventory:

Hand Weapons
 a - a +4 short sword of speed (weapon)
 b - a +0 dagger of draining
 p - a +0 hunting sling
 r - a +0 vorpal long sword
 u - a +0 rapier
 F - a +3 scimitar of flaming
Missiles
 i - 38 sling bullets
 l - 5 poisoned darts
 n - 379 stones
Armour
 d - a +1 pair of boots (worn)
 e - a +2 robe of resistance (worn)
 f - a +0 leather armour
Jewellery
 h - an uncursed ring of poison resistance
 v - a ring of stealth (right hand)
 C - a ring of magical power (left hand)
Wands
 o - a wand of paralysis (13)
 E - a wand of disintegration (12)
 G - a wand of digging (6)
Scrolls
 j - 6 scrolls of teleportation
 y - a scroll of remove curse
 B - a scroll of amnesia
 D - a scroll of fog
Potions
 g - a potion of resistance
 k - 4 potions of mutation
 q - 2 potions of ambrosia
 s - a potion of lignification
 t - 4 potions of flight
 w - a potion of brilliance
 x - a potion of attraction {unknown}
 z - a potion of cancellation {unknown}


   Skills:
 - Level 5.3 Fighting
 - Level 6.9 Short Blades
 - Level 4.7 Dodging
 + Level 4.5 Stealth
 - Level 3.2 Spellcasting
 - Level 10.4 Conjurations
 + Level 7.2 Hexes
 + Level 0.4 Invocations
 + Level 0.5 Evocations


You had 2 spell levels left.
You knew the following spells:

 Your Spells              Type           Power        Failure   Level
a - Magic Dart            Conj           ####         1%          1
b - Searing Ray           Conj           #####.       1%          2
c - Confusing Touch       Hex            #####...     1%          3
d - Dazzling Flash        Conj/Hex       #####.       1%          3
f - Fulminant Prism       Conj/Hex       #####.....   3%          4

Your spell library contained the following spells:

 Spells                   Type           Power        Failure   Level
 Iskenderun's Battlesphe  Conj           #####...     4%          5
 Iskenderun's Mystic Bla  Conj/Tloc      ####....     14%         4
 Gell's Gravitas          Tloc           #.........   36%         3
 Metabolic Englaciation   Hex/Ice        ###.......   58%         5
 Yara's Violent Unravell  Hex/Tmut       ###.......   58%         5
 Bolt of Magma            Conj/Fire/Erth ###.......   63%         5
 Petrify                  Tmut/Erth      #.......     77%         4
 Orb of Destruction       Conj           #####.....   82%         7
 Iron Shot                Conj/Erth      ####......   91%         6
 Spellforged Servitor     Conj/Summ      ####......   100%        7


Dungeon Overview and Level Annotations

Branches:
Dungeon (8/15)             Temple (1/1) D:7
   Lair: D:8-11

Altars:
Ashenzari
Cheibriados
Dithmenos
Fedhas
Gozag
Hepliaklqana
Kikubaaqudgha
Makhleb
Nemelex Xobeh
Okawaru
Qazlal
Ru
Sif Muna
Trog
Uskayaw
Wu Jian
Yredelemnul
Zin
The Shining One

Annotations:
D:8 Harold


Innate Abilities, Weirdness & Mutations

You are small and have problems with some larger weapons.
You are completely attuned to the shadows.


Message History

The killer bee stings you but does no damage.
You feel sick.
The orc wizard is no longer blind.
The killer bee misses you.
You feel sick. The killer bee completely misses you. The killer bee misses you.
You feel sick. The killer bee closely misses you.
The killer bee closely misses you.
There is a stone staircase leading up here.
You feel sick. The killer bee barely misses you.
The orc wizard gestures wildly while chanting.
The orc wizard seems to speed up.
The killer bee stings you but does no damage.
You climb upwards.
There is a stone staircase leading down here.
Casting: Dazzling Flash (safe; 1% risk of failure)
Confirm with . or Enter, or press ? or * to list all spells.
Your hands begin to glow red.
The killer bee stings you.
* * * LOW HITPOINT WARNING * * *
The killer bee stings you!
You die...
Your body disappears without a glow.

#........##§≈≈§≈≈≈##.............
.........#.≈§≈>≈§≈##............#
.........#.≈≈≈≈≈≈≈...............
...........[≈≈≈§≈............#...
.#...........≈≈≈............####.
.#...##..................<.....##
.........................##......
................[.............###
##.....................#........#
...............y.......##..#.....
................@......#...##....
.................................
.........................<.......
.................................
.............).........####......
##................#....# #.......
##..........#....#...## ###.....
##..###....#.#....<..###.......
#### ##.....#.......##...#....
##........##.......#....
#.........###...>.#.....


You could see a killer bee.

Vanquished Creatures
  Erica (D:8)
  An ugly thing (D:7)
  3 orc warriors
  3 sky beasts
  2 black bears
  2 ice beasts (D:5)
  2 phantoms (D:4)
  7 ogres
  A centaur (D:6)
  5 bullfrogs
  3 scorpions
  A water moccasin skeleton (D:8)
  2 killer bees (D:8)
  3 howler monkeys (D:4)
  A quasit (D:6)
  4 hounds
  3 bullfrog skeletons
  A centaur skeleton (D:6)
  6 orc priests
  A jelly (D:5)
  4 iguanas
  Ijyb (D:5)
  3 worker ants
  Natasha (thrice) (D:3)
  7 orc wizards
  A hound skeleton (D:4)
  A howler monkey zombie (D:7)
  8 gnolls
  5 adders
  2 shadow imps
  A white imp (D:6)
  An ufetubus (D:6)
  2 worms
  12 dart slugs
  10 leopard geckos
  20 orcs
  13 bats
  5 giant cockroaches
  13 hobgoblins
  10 kobolds
  2 quokkas
  2 ball pythons
  A ball python zombie (D:5)
  8 frilled lizards
  9 goblins
  A goblin skeleton (D:6)
  A goblin zombie (D:6)
  2 hobgoblin zombies (D:6)
  A jackal skeleton (D:6)
  2 kobold skeletons (D:6)
  A kobold zombie (D:6)
  A leopard gecko skeleton (D:5)
  2 orc skeletons (D:6)
  An orc zombie (D:6)
  10 rats
218 creatures vanquished.

Vanquished Creatures (others)
  9 fulminant prisms
  36 plants (D:2)
45 creatures vanquished.

Grand Total: 263 creatures vanquished

Notes
Turn   | Place    | Note
-------+----------+-------------------------------------------
     0 | D:1      | Gather the Kobold Conjurer began the quest for the Orb.
     0 | D:1      | Reached XP level 1. HP: 10/10 MP: 3/3
     2 | D:1      | Learned a level 1 spell: Magic Dart
   187 | D:1      | Reached XP level 2. HP: 15/15 MP: 0/5
   190 | D:1      | Learned a level 2 spell: Searing Ray
   686 | D:1      | Reached XP level 3. HP: 19/19 MP: 6/6
  1209 | D:2      | Reached XP level 4. HP: 23/24 MP: 2/8
  1264 | D:2      | Found a sacrificial altar of Ru.
  1647 | D:2      | Reached skill level 5 in Conjurations
  1826 | D:2      | Learned a level 3 spell: Dazzling Flash
  2569 | D:3      | Reached XP level 5. HP: 28/28 MP: 2/9
  2572 | D:3      | Reached skill level 1 in Hexes
  2593 | D:3      | Learned a level 3 spell: Confusing Touch
  2652 | D:3      | Noticed Natasha
  2660 | D:3      | Killed Natasha
  2949 | D:3      | Noticed an ogre
  2953 | D:3      | Killed an ogre
  2954 | D:3      | Reached XP level 6. HP: 32/32 MP: 4/10
  3056 | D:3      | Noticed an orc warrior
  3106 | D:3      | Killed an orc warrior
  3203 | D:3      | Noticed Natasha
  3290 | D:3      | Killed Natasha
  3380 | D:3      | Reached XP level 7. HP: 36/36 MP: 11/11
  3608 | D:3      | Reached skill level 1 in Short Blades
  3715 | D:3      | Noticed Natasha
  3719 | D:3      | Killed Natasha
  4326 | D:4      | Found a burning altar of Makhleb.
  4364 | D:4      | Reached skill level 5 in Short Blades
  4831 | D:4      | Reached XP level 8. HP: 42/42 MP: 7/12
  4915 | D:4      | Reached skill level 6 in Conjurations
  4941 | D:4      | Found an opulent altar of Gozag.
  5177 | D:4      | Reached skill level 7 in Conjurations
  5505 | D:4      | Found a shimmering blue altar of Sif Muna.
  5569 | D:4      | Found an ancient bone altar of Kikubaaqudgha.
  5637 | D:5      | Entered Level 5 of the Dungeon
  5637 | D:5      | Noticed Ijyb
  5639 | D:5      | Killed Ijyb
  5751 | D:5      | Reached skill level 8 in Conjurations
  5751 | D:5      | Reached XP level 9. HP: 46/46 MP: 13/13
  5756 | D:5      | Learned a level 4 spell: Fulminant Prism
  5806 | D:5      | Reached skill level 5 in Hexes
  5957 | D:5      | Found a shadowy altar of Dithmenos.
  6325 | D:5      | Found a hazy altar of Hepliaklqana.
  6819 | D:6      | Found an iron altar of Okawaru.
  6824 | D:6      | Reached skill level 1 in Fighting
  6997 | D:6      | Found a glowing golden altar of the Shining One.
  7519 | D:5      | Reached skill level 5 in Fighting
  7807 | D:6      | Reached XP level 10. HP: 59/59 MP: 5/14
  8311 | D:7      | Noticed a brown ugly thing
  8866 | D:7      | Found a staircase to the Ecumenical Temple.
  8873 | Temple   | Entered the Ecumenical Temple
  8980 | Temple   | Became a worshipper of Nemelex Xobeh the Trickster
  9095 | D:7      | Found a bloodstained altar of Trog.
  9324 | D:7      | Reached skill level 9 in Conjurations
  9682 | D:7      | Killed a brown ugly thing
  9838 | D:8      | Noticed Erica
  9858 | D:8      | Killed Erica
  9859 | D:8      | Reached skill level 10 in Conjurations
 10110 | D:8      | Noticed Harold
 10140 | D:7      | Slain by a killer bee

Illustrated notes

Levels and vault maps discovered:
D:1:      dpeg_arrival_shelter, layout_rooms, minmay_misc_feat_rugged,
          palyth_stone_intersect
D:2:      layout_loops_ring, nicolae_overflow_crystal_walls, serial_bayou,
          serial_bayou_lagoon_a, serial_bayou_shore_b, serial_bayou_pond_a,
          serial_bayou_ford_a, minmay_pentomino_z4
D:3:      kennysheep_slugbush, layout_basic, uniq_natasha
D:4:      layout_cave_pools, kennysheep_mini, lemuel_blue_sif_altar,
          kennysheep_mini_moat, lemuel_doored_altar
D:5:      layout_gridville, nicolae_dithmenos_through_a_glass_darkly,
          old_standard_altar, uniq_ijyb
D:6:      layout_rooms, nicolae_tso_besieged_by_evil, minmay_door_square,
          okawaru_metal_pillars_3
D:7:      layout_cave_pools, minmay_temple_entry_mist, grunt_ogre_cave,
          trog_butcher_becter
D:8:      layout_basic, serial_shops, shop, uniq_harold, uniq_psyche, uniq_erica
Temple:   zaba_magenta_temple

Skill      XL: |  1  2  3  4  5  6  7  8  9 10 |
---------------+-------------------------------+-----
Stealth        | 3 4 |  4.5
Dodging        | 3 4 |  4.7
Conjurations   | 5 8 10 | 10.4
Hexes          | 3 4 7 |  7.2
Short Blades   | 6 |  6.9
Fighting       | 5 |  5.3
Spellcasting   | 3 |  3.2
Invocations    | |  0.4
Evocations     | |  0.5

Action                   |  1- 3 |  4- 6 |  7- 9 | 10-12 || total
-------------------------+-------+-------+-------+-------++-------
Melee: Unarmed           |    11 |       |       |       ||    11
       Dagger            |    12 |    21 |    14 |       ||    47
       Short sword       |       |       |   155 |   111 ||   266
 Cast: Magic Dart        |    17 |     2 |     2 |       ||    21
       Searing Ray       |    14 |    32 |    45 |    11 ||   102
       Confusing Touch   |       |     1 |     9 |    11 ||    21
       Fulminant Prism   |       |       |     6 |     3 ||     9
       Dazzling Flash    |       |       |     1 |     4 ||     5
  Use: Scroll            |       |       |    15 |     3 ||    18
       Potion            |       |       |     3 |     4 ||     7
 Stab: Sleeping          |    11 |     6 |    29 |     8 ||    54
       Confused          |       |       |     5 |     9 ||    14
       Invisible         |       |       |     2 |     2 ||     4
       Distracted        |       |       |     1 |       ||     1
Armor: Robe              |    14 |     7 |    27 |     9 ||    57
Dodge: Dodged            |    63 |    25 |   118 |    62 ||   268

Table legend: (Time is in decaauts)
 A = Elapsed time spent in this place.
 B = Non-inter-level travel time spent in this place.
 C = Inter-level travel time spent in this place.
 D = Time resting spent in this place.
 E = Time spent auto-exploring this place.
 F = Levels seen in this place.
 G = Mean time per level.
                   A        B        C        D        E       F      G
               +--------+--------+--------+--------+--------+-----+--------+
         Total |  10061 |   9896 |    165 |   1679 |   5842 |   9 | 1117.9 |
       Dungeon |   9937 |   9809 |    128 |   1679 |   5757 |   8 | 1242.1 |
        Temple |    124 |     87 |     37 |      0 |     85 |   1 |  124.0 |
               +--------+--------+--------+--------+--------+-----+--------+

Top non-repeatable levels by time:
     D:3: 1758 daAuts
     D:2: 1565 daAuts
     D:5: 1404 daAuts
     D:6: 1341 daAuts
     D:1: 1197 daAuts
     D:7: 1152 daAuts
     D:4: 1136 daAuts
     D:8: 380 daAuts
  Temple: 124 daAuts
